 Dungeon Crawl Stone Soup version 0.31-a0-204-g7da18cac08 (webtiles) character file.

Game seed: 5794138283580582916

63 qw the Shooter (level 3, -1/20 HPs)
             Began as a Deep Elf Hunter on June 27, 2023.
             Frozen to death by an endoplasm (5 damage)
             ... on level 4 of the Dungeon.
             The game lasted 00:00:22 (932 turns).

qw the Shooter (Deep Elf Hunter)                     Turns: 932, Time: 00:00:23

Health: -1/20      AC:  6    Str: 10    XL:     3   Next: 89%
Magic:  5/5        EV:  9    Int: 13    God:
Gold:   10         SH:  0    Dex: 18    Spells: 2/2 levels left

rFire   . . .        Y - +0 shortbow (chaos)
rCold   . . .        (shield currently unavailable)
rNeg    . . .        i - +0 scale mail
rPois   .            (no helmet)
rElec   .            (no cloak)
rCorr   .            (no gloves)
SInv    .            (no boots)
Will    .....        (no amulet)
Stlth   +            (no ring)
HPRegen 0.23/turn    (no ring)
MPRegen 0.09/turn

%: no passive effects
@: about to teleport
A: no striking features
a: no special abilities


You were on level 4 of the Dungeon.
You visited 1 branch of the dungeon, and saw 3 of its levels.

You collected 10 gold pieces.


   Skills:
 - Level 1.5 Fighting
 + Level 7.3 Ranged Weapons
 - Level 2.4 Dodging
 - Level 1.2 Stealth


You had 2 spell levels left.
You didn't know any spells.
Your spell library was empty.

Inventory:

Hand Weapons
 Y - a +0 shortbow of chaos (weapon)
Armour
 i - a +0 scale mail (worn)
Scrolls
 a - a scroll of identify
Potions
 b - a potion of degeneration {unknown}
 f - a potion of curing

Dungeon Overview and Level Annotations

Branches:
Dungeon (2/15)

Altars:


Message History

You shoot an arrow. The arrow hits the orc.
Lightning courses through the orc!
You kill the orc!
The orc hits you but does no damage.
You shoot an arrow. The arrow hits the orc!
The arrow burns the orc.
You kill the orc!
An endoplasm comes into view.
You shoot an arrow. The arrow barely misses the phantom.
The endoplasm quivers.
The phantom hits you but does no damage.
You shoot an arrow.
The arrow hits the phantom but does no damage.
The phantom seems to speed up.
You hear an angry hiss.
The phantom hits you.
The phantom blinks!
You blink.
A kobold and a ball python come into view.
The phantom closely misses you.
You shoot an arrow.
The arrow hits the phantom but does no damage.
Lightning courses through the phantom!!
The phantom is severely damaged.
The phantom hits you but does no damage.
The phantom hits you.
The phantom blinks!
You blink.
You shoot an arrow. The arrow hits the phantom.
The phantom seems to slow down.
The phantom is severely damaged.
The phantom hits you.
The phantom blinks!
You blink.
930 ||| READING scroll of teleportation.
As you read the scroll of teleportation, it crumbles to dust.
You feel strangely unstable. The phantom barely misses you.
You shoot an arrow. The arrow barely misses the phantom.
The phantom hits you but does no damage.
You shoot an arrow.
The arrow hits the phantom but does no damage.
The phantom seems to grow stronger.
The phantom is severely damaged.
The phantom closely misses you. The endoplasm barely misses you.
The phantom barely misses you. The kobold hits you with a +0 whip.
The endoplasm freezes you.
You are frozen.
You die...

# #####
##. #W..#
..# +@8.#
#..#JK.#
#)#S..#
#))8.+
#..#...#
#..S#...#
#...
+.8.#
.'..
#...#
####
#####


You could see a phantom (fast, strong, slow), an endoplasm, a ball python and a
kobold.

Vanquished Creatures
  An orc wizard (D:4)
  A dart slug (D:4)
  2 orcs (D:4)
  2 ball pythons
  4 endoplasms
  A giant cockroach (D:1)
  4 goblins
  5 hobgoblins
  2 kobolds (D:1)
  2 quokkas
  2 bats (D:1)
  3 frilled lizards (D:1)
  A rat (D:2)
30 creatures vanquished.

Vanquished Creatures (others)
  A goblin zombie (D:4)
1 creature vanquished.

Grand Total: 31 creatures vanquished

Notes
Turn   | Place    | Note
-------+----------+-------------------------------------------
     0 | D:1      | qw the Deep Elf Hunter began the quest for the Orb.
     0 | D:1      | Reached XP level 1. HP: 12/12 MP: 3/3
     0 | D:1      | 0 ||| qw: Version: 0.3-a-22-g0ed2b0b
     0 | D:1      | 0 ||| qw: Game counter: 6563
     0 | D:1      | 0 ||| qw: Melee chars always use a shield: true
     0 | D:1      | 0 ||| qw: God list: Okawaru
     0 | D:1      | 0 ||| qw: Allow faded altars: false
     0 | D:1      | 0 ||| qw: Do Orc after clearing Dungeon:15 true
     0 | D:1      | 0 ||| qw: Do second Lair branch before Depths: true
     0 | D:1      | 0 ||| qw: Lair rune preference: random
     0 | D:1      | 0 ||| qw: Goals: Normal
     0 | D:1      | 0 ||| PLANNING D:1-11
   133 | D:1      | 133 ||| FLEEEEING.
   134 | D:1      | 134 ||| FLEEEEING.
   135 | D:1      | 135 ||| FLEEEEING.
   136 | D:1      | 136 ||| FLEEEEING.
   142 | D:1      | 142 ||| FLEEEEING.
   148 | D:1      | Reached XP level 2. HP: 16/16 MP: 4/4
   208 | D:1      | Reached skill level 6 in Ranged Weapons
   787 | D:1      | 787 ||| UPGRADING to +0 scale mail.
   797 | D:1      | 797 ||| DROPPING +0 leather armour.
   798 | D:1      | 798 ||| READING 2 scrolls labelled VALO JATONYOSI.
   799 | D:1      | 799 ||| READING 2 scrolls labelled XOLEIP FEQIFI.
   800 | D:1      | 800 ||| READING scroll labelled MEXUARPHEGIST.
   801 | D:1      | 801 ||| READING scroll labelled JADGHE NYST.
   806 | D:1      | 806 ||| DRINKING 2 inky potions.
   807 | D:1      | 807 ||| DROPPING scroll of butterflies.
   808 | D:1      | 808 ||| DROPPING scroll of fear.
   891 | D:2      | You fall into a shaft and drop 2 floors!
   897 | D:4      | Reached XP level 3. HP: 18/20 MP: 5/5
   915 | D:4      | 915 ||| Stepping ~*~*~tactically~*~*~ (outnumbered).
   922 | D:4      | Noticed a phantom
   924 | D:4      | Reached skill level 7 in Ranged Weapons
   929 | D:4      | HP: 5/20 [phantom (3)]
   930 | D:4      | 930 ||| READING scroll of teleportation.
   932 | D:4      | Frozen to death by an endoplasm

Levels and vault maps discovered:
D:1:      tarquinn_simple_flora_water_a, layout_loops_ring, serial_forest,
          infiniplex_forest_zigzag_1, infiniplex_forest_3_way,
          infiniplex_forest_straight_3, infiniplex_forest_clump_medium,
          infiniplex_forest_clump_cross, infiniplex_forest_lined_3,
          infiniplex_forest_clump_double, infiniplex_forest_clump_double,
          minivault_23
D:2:      layout_rooms, basic_altar
D:4:      minmay_chambers_of_threes, layout_rooms

Skill      XL: |  1  2  3 |
---------------+----------+-----
Ranged Weapons | 6 7 |  7.3
Fighting       | |  1.5
Dodging        | |  2.4
Stealth        | |  1.2

Action                     || total
---------------------------++-------
   Fire: Shortbow          ||    82
    Use: Scroll            ||     5
         Potion            ||     1
 Armour: Leather armour    ||     1
         Scale mail        ||    13
  Dodge: Dodged            ||    16

Table legend:
 A = Non-vault XP
 B = Vault XP
 C = Vault XP percentage of total XP
 D = Non-vault monster count
 E = Vault monster count
 F = Vault count percentage of total count
                 A         B        C        D         E       F
            +---------+---------+-------+---------+---------+-------
      Total |      78 |      13 |  14.3 |      24 |       6 |  20.0
            +---------+---------+-------+---------+---------+-------
        D:1 |      33 |       0 |   0.0 |      19 |       0 |   0.0
        D:2 |       3 |       0 |   0.0 |       2 |       0 |   0.0
        D:4 |      42 |      13 |  23.6 |       3 |       6 |  66.7
            +---------+---------+-------+---------+---------+-------
